 Dungeon Crawl Stone Soup version 0.26.1-2-gb8aa6d0cf2 (webtiles) character file.

Game seed: 4541773772923962509

98 vatarom the Distorting Demonspawn (level 4, -4/54 HPs)
             Began as a Demonspawn Abyssal Knight on Feb 16, 2021.
             Was a Believer of Lugonu.
             Killed by nerve-wracking pain
             ... invoked by a shadow imp
             ... summoned by Natasha
              (11 damage)
             ... on level 2 of the Dungeon.
             The game lasted 00:02:09 (2411 turns).

vatarom the Distorting Demonspawn (DsAK)            Turns: 2411, Time: 00:02:10

Health: -4/54      AC:  3    Str: 19    XL:     4   Next: 44%
Magic:  6/6        EV: 11    Int: 13    God:    Lugonu [**....]
Gold:   66         SH:  0    Dex: 13    Spells: 3/3 levels left

rFire    . . .     SeeInvis .   a - +1 mace
rCold    . . .     Faith    .   (no shield)
rNeg     . . .     Spirit   .   b - +0 leather armour
rPois    .         Reflect  .   (helmet restricted)
rElec    .         Harm     .   (no cloak)
rCorr    .         Rampage  .   (no gloves)
Will     .....                  (no boots)
Stlth    ..........             (no amulet)
HPRegen  0.18/turn              i - +6 ring of strength
MPRegen  0.10/turn              (no ring)

@: berserking, very quick
A: horns 1
a: Renounce Religion, Depart the Abyss, Bend Space


You were on level 2 of the Dungeon.
You worshipped Lugonu.
Lugonu was pleased with you.
You visited 1 branch of the dungeon, and saw 2 of its levels.
You visited the Abyss 1 time.

You collected 66 gold pieces.

Inventory:

Hand Weapons
 a - a +1 mace (weapon)
Missiles
 f - 6 poisoned darts
 k - 2 atropa-tipped darts
Armour
 b - a +0 leather armour (worn)
Jewellery
 i - a +6 ring of strength (left hand)
Scrolls
 c - a scroll of fog {unknown}
 d - a scroll of immolation {unknown}
 j - a scroll of amnesia {unknown}
 l - 2 scrolls of remove curse {unknown}
Potions
 e - a potion of curing {unknown}
 g - a potion of magic {unknown}
 h - a potion of cancellation


   Skills:
 + Level 3.6 Fighting
 * Level 3.3 Maces & Flails
 - Level 1.7 Armour
 - Level 0.8 Dodging
 + Level 3.6 Invocations


You had 3 spell levels left.
You didn't know any spells.
Your spell library contained the following spells:

 Spells                   Type           Power        Failure   Level
 Confusing Touch          Hex            0%           73%         3
 Gell's Gravitas          Tloc           0%           73%         3
 Petrify                  Tmut/Erth      0%           98%         4
 Metabolic Englaciation   Hex/Ice        0%           100%        5
 Yara's Violent Unravell  Hex/Tmut       0%           100%        5


Dungeon Overview and Level Annotations

Branches:
Dungeon (2/15)

Altars:

Annotations:
D:2 Natasha


Innate Abilities, Weirdness & Mutations

You have a pair of small horns on your head.


Message History

You barely resist. You hit Natasha.
Natasha is severely wounded.
Natasha claws you! Natasha claws you.
* * * LOW HITPOINT WARNING * * *
The shadow imp closely misses you.
You see here a stone.
It was a potion of cancellation.
You feel magically purged. The shadow imp hits you.
* * * LOW HITPOINT WARNING * * *
It was a potion of berserk rage.
A red film seems to cover your vision as you go berserk!
You feel yourself moving faster!
You feel mighty! The shadow imp barely misses you.
Natasha casts a spell.
Unknown command.
You closely miss the shadow imp. The shadow imp gestures at you.
Pain shoots through your body!
You die...

#.#
#.##.###.#######...###
#.#
#...................##
#.#
####.###########...###
#.# #.# ##.## #
#######.# #.# #.#
#.......# #.# #.#
#.####### #.# #'# #.#
#(###### .. #.# ##
#.@5h..# #.##.##
####5#.# #.#...###
#..(.# . .........
.........(.'.>.. ..
#.#...###
.####....###.... ..
#.##.## ......# ..
#.####### ...#....# ..
#.......# #..#.#...#
.. #######.#
#.#._.#..# #'


You could see Natasha, a crimson imp (summoned) and a shadow imp (summoned).

Vanquished Creatures
  Natasha (D:2)
  An adder (D:2)
  An ooze (D:1)
  A worm (D:2)
  5 dart slugs
  6 bats
  2 giant cockroaches (D:1)
  3 goblins
  5 hobgoblins
  6 jackals
  A ball python (D:2)
  2 frilled lizards (D:2)
  6 kobolds
  9 rats
49 creatures vanquished.

Notes
Turn   | Place    | Note
-------+----------+-------------------------------------------
     0 | Abyss:1  | vatarom the Demonspawn Abyssal Knight began the quest for
                  | the Orb.
     0 | Abyss:1  | Reached XP level 1. HP: 18/18 MP: 2/2
    61 | D:1      | Escaped the Abyss
   411 | D:1      | Gained mutation: You have a pair of small horns on your
                  | head. [demonic ancestry]
   411 | D:1      | Reached XP level 2. HP: 21/24 MP: 4/4
   579 | D:1      | Reached ** piety under Lugonu
   717 | D:1      | Reached XP level 3. HP: 29/29 MP: 5/5
  1581 | D:2      | Noticed Natasha
  1591 | D:2      | Killed Natasha
  1592 | D:2      | Reached XP level 4. HP: 14/35 MP: 6/6
  2396 | D:2      | Found a faded altar of an unknown god.
  2396 | D:2      | Noticed Natasha
  2411 | D:2      | Killed from afar by a shadow imp

Illustrated notes

Levels and vault maps discovered:
D:1:      dpeg_arrival_connections, layout_basic, chequers_jeans
D:2:      layout_loops_corners, lemuel_zombie_altar_yredelemnul,
          chequers_ecumenical_altar_simple_redux, uniq_natasha

Skill      XL: |  1  2  3 |
---------------+----------+-----
Maces & Flails | 2 3 |  3.3
Invocations    | 3 |  3.6
Fighting       | |  3.6
Armour         | |  1.7
Dodging        | |  0.8

Action                   |  1- 3 |  4- 6 || total
-------------------------+-------+-------++-------
Melee: Mace              |   103 |    34 ||   137
       Headbutt          |     7 |     8 ||    15
  Use: Potion            |       |     2 ||     2
Armor: Leather armour    |    29 |     6 ||    35
Dodge: Dodged            |    92 |    19 ||   111
